Vancouver Canucks vs Hartford Whalers
Created - Wednesday, March 20, 2024 at 09:02
Goals
|
| Vancouver Canucks |
1 |
1 |
3 |
5 |
| Hartford Whalers |
2 |
1 |
1 |
4 |
|
Shots
|
| Vancouver Canucks |
7 |
10 |
18 |
35 |
| Hartford Whalers |
6 |
13 |
12 |
31 |
|
1st period
1. Vancouver Canucks , Artturi Lehkonen 13 (Taylor Raddysh 11, Jesperi Kotkaniemi 5) at 11:24
2. Hartford Whalers , Josh Anderson 6 (Eetu Luostarinen 7, Casey Cizikas 7) at 14:22
3. Hartford Whalers , Eetu Luostarinen 8 (Josh Anderson 12, Joel Edmundson 5) at 17:40
Penalties :
Marcus Foligno (HFD) for Holding (Minor) at 1:17, T.J. Oshie (HFD) for Hooking (Minor) at 6:10, Noah Hanifin (VAN) for Hooking (Minor) at 14:31
2nd period
4. Hartford Whalers , Alexander Wennberg 15 (T.J. Oshie 12, Taylor Hall 19) at 12:00
5. Vancouver Canucks , Mikko Rantanen 10 (Artturi Lehkonen 14, Clayton Keller 11) at 19:39
Penalties :
No Penalty
3rd period
6. Hartford Whalers , Alexander Wennberg 16 (T.J. Oshie 13, Taylor Hall 20) at 0:28
7. Vancouver Canucks , Noah Hanifin 4 (Aleksander Barkov 18, Mikko Rantanen 13) at 5:06
8. Vancouver Canucks , Clayton Keller 11 (Mikko Rantanen 14, Jake Bean 4) at 6:24
9. Vancouver Canucks , Mikko Rantanen 11 (Clayton Keller 12) at 12:28
Penalties :
Josh Anderson (HFD) for Roughing (Minor) at 2:26, Mikko Rantanen (VAN) for Holding (Minor) at 2:35, Joel Edmundson (HFD) for Goalie Interference (Minor) at 12:41
Goalie Stats
Ville Husso (VAN), 27 saves from 31 shots - (0.871), W, 6-9-0, 60:00 minutes
Semyon Varlamov (HFD), 30 saves from 35 shots - (0.857), L, 9-17-3, 58:41 minutes
Players Stats for Vancouver Canucks
Player Name G A P +/- PIM S H SB GA TA FO MP PP MP PK MP
------------------------------------------------------------------------------------
Adam Boqvist 0 0 0 -1 0 0 1 2 0 0 0/0 16:46 3:06 0:54
Aleksander Barkov 0 1 1 0 0 7 2 2 0 0 14/25 21:06 3:04 1:11
Anton Lundell 0 0 0 -1 0 0 0 1 0 1 0/0 12:57 0:00 0:00
Artturi Lehkonen 1 1 2 3 0 6 2 0 1 1 0/1 18:07 3:02 0:57
Casey Mittelstadt 0 0 0 -1 0 2 0 0 2 0 2/4 16:55 3:02 0:00
Chad Ruhwedel 0 0 0 1 0 0 0 2 0 0 0/0 19:31 3:06 0:54
Clayton Keller 1 2 3 3 0 2 2 0 0 0 0/1 19:35 3:04 0:57
Jacob Bryson 0 0 0 2 0 0 0 1 0 0 0/0 17:54 0:00 1:10
Jake Bean 0 1 1 -1 0 1 0 0 0 1 0/0 12:52 0:00 0:00
Jesperi Kotkaniemi 0 1 1 0 0 1 2 0 0 0 4/7 13:24 0:00 0:04
Kasperi Kapanen 0 0 0 -1 0 1 0 0 0 0 0/1 16:55 3:02 0:00
Mikko Rantanen 2 2 4 4 2 4 1 0 1 1 9/20 19:21 3:03 1:02
Miro Heiskanen 0 0 0 1 0 2 2 3 1 0 0/0 27:37 3:00 1:14
Noah Cates 0 0 0 -1 0 1 4 1 0 1 2/4 7:59 0:00 0:00
Noah Hanifin 1 0 1 0 2 3 2 1 0 1 0/0 25:19 3:00 0:04
Robby Fabbri 0 0 0 -1 0 2 0 0 0 0 0/0 7:59 0:00 0:00
Sam Lafferty 0 0 0 -1 0 0 0 0 0 1 0/0 7:59 0:00 0:00
Taylor Raddysh 0 1 1 -1 0 3 1 1 1 0 0/1 13:44 0:00 0:05
Players Stats for Hartford Whalers
Player Name G A P +/- PIM S H SB GA TA FO MP PP MP PK MP
------------------------------------------------------------------------------------
Alexander Wennberg 2 0 2 0 0 6 2 1 0 1 12/32 22:50 1:06 2:58
Alexis Lafreniere 0 0 0 -1 0 1 1 1 0 0 0/0 16:34 1:02 0:16
Andre Burakovsky 0 0 0 -1 0 3 2 1 0 0 0/0 17:14 0:56 0:00
Casey Cizikas 0 1 1 2 0 0 0 1 0 0 12/14 15:22 0:00 2:56
Eetu Luostarinen 1 1 2 2 0 2 1 0 2 0 0/0 14:14 0:00 2:50
Erik Cernak 0 0 0 0 0 0 1 0 0 1 0/0 22:05 0:00 3:10
Jaccob Slavin 0 0 0 -1 0 2 1 1 0 1 0/0 22:40 1:21 0:49
Joel Edmundson 0 1 1 0 2 0 1 0 0 0 0/0 21:27 0:00 2:07
Josh Anderson 1 1 2 2 2 4 1 1 1 1 0/0 14:30 0:06 2:54
Joshua Norris 0 0 0 -1 0 4 0 0 0 0 8/14 15:51 1:02 0:18
Marcus Foligno 0 0 0 -2 2 2 2 0 1 0 0/0 6:35 0:00 0:00
Mike Hoffman 0 0 0 -2 0 1 0 0 1 0 0/0 6:31 0:00 0:00
Nikita Zaitsev 0 0 0 0 0 1 0 1 0 1 0/0 15:58 0:47 3:10
Olli Maatta 0 0 0 0 0 1 0 0 0 0 0/0 15:28 0:47 2:44
Ryan Strome 0 0 0 -2 0 2 0 0 0 0 0/2 6:31 0:00 0:00
T.J. Oshie 0 2 2 0 2 1 0 0 1 1 0/0 17:53 1:06 0:00
Taylor Hall 0 2 2 0 0 1 3 0 0 0 1/2 17:54 1:06 0:00
Thomas Chabot 0 0 0 -1 0 0 2 3 1 0 0/0 22:23 1:21 0:12
3 Stars
1 - Mikko Rantanen (VAN)
2 - Clayton Keller (VAN)
3 - Artturi Lehkonen (VAN)
Power Play
Vancouver Canucks - 0 on 4 Attempt(s) - 0.00%
Hartford Whalers - 0 on 2 Attempt(s) - 0.00%
Penalty Kill
Vancouver Canucks - 2 on 2 Attempt(s) - 100.00%
- Score 0 goal in Penalty Kill
Hartford Whalers - 4 on 4 Attempt(s) - 100.00%
- Score 0 goal in Penalty Kill
Team Stat
Vancouver Canucks - Hits : 19 - Faceoff Wins : 31 - Blocked Shots : 14 - Penalty Minutes : 4
Hartford Whalers - Hits : 17 - Faceoff Wins : 33 - Blocked Shots : 10 - Penalty Minutes : 8
Official
Referees : Mike Hasenfratz and Dave Jackson
Linesman : Mark Shewchyk and Scott Cherrey
Game Notes
No Game Note
Finance
Level 1 -- Attendance: 6015 (60.15%) -- Ticket Income $541,350
Level 2 -- Attendance: 4545 (90.90%) -- Ticket Income $249,975
Level 3 -- Attendance: 2829 (94.30%) -- Ticket Income $84,870
Level 4 -- Attendance: 4929 (98.58%) -- Ticket Income $98,580
Luxury Box -- Attendance: 961 (96.10%) -- Ticket Income $182,590
Game was played at the Hartford Civic Center.
Total Attendance: 19279 (80.33%)
Total Ticket Income: $1,157,365
Other Income: $405,078
Total Income: $1,562,443
Vancouver Canucks
5 vs 5 Forward
Center Left Wing Right Wing Time % Phy DF OF
1 Mikko Rantanen Clayton Keller Artturi Lehkonen 30 1 2 2
2 Aleksander Barkov Casey Mittelstadt Kasperi Kapanen 30 1 2 2
3 Jesperi Kotkaniemi Anton Lundell Taylor Raddysh 25 1 2 2
4 Noah Cates Robby Fabbri Sam Lafferty 15 1 2 2
5 vs 5 Defense
Defense Defense Time % Phy DF OF
1 Noah Hanifin Miro Heiskanen 30 1 2 2
2 Chad Ruhwedel Jacob Bryson 30 1 2 2
3 Jake Bean Adam Boqvist 25 1 2 2
4 Noah Hanifin Miro Heiskanen 15 1 2 2
PowerPlay Forward
Center Left Wing Right Wing Time % Phy DF OF
1 Aleksander Barkov Clayton Keller Mikko Rantanen 50 1 2 2
2 Casey Mittelstadt Artturi Lehkonen Kasperi Kapanen 50 1 2 2
PowerPlay Defense
Defense Defense Time % Phy DF OF
1 Noah Hanifin Miro Heiskanen 50 1 2 2
2 Chad Ruhwedel Adam Boqvist 50 1 2 2
Penalty Kill 4 Players Forward
Center Wing Time % Phy DF OF
1 Aleksander Barkov Mikko Rantanen 50 1 2 2
2 Clayton Keller Artturi Lehkonen 50 1 2 2
Penalty Kill 4 Players Defense
Defense Defense Time % Phy DF OF
1 Noah Hanifin Miro Heiskanen 50 1 2 2
2 Chad Ruhwedel Adam Boqvist 50 1 2 2
Penalty Kill - 3 Players Forward
Forward Time % Phy DF OF
1 Aleksander Barkov 50 1 2 2
2 Mikko Rantanen 50 1 2 2
Penalty Kill - 3 Players Defense
Defense Defense Time % Phy DF OF
1 Noah Hanifin Miro Heiskanen 50 1 2 2
2 Chad Ruhwedel Adam Boqvist 50 1 2 2
4 vs 4 Forward
Center Wing Time % Phy DF OF
1 Aleksander Barkov Mikko Rantanen 50 1 2 2
2 Clayton Keller Artturi Lehkonen 50 1 2 2
4 vs 4 Defense
Defense Defense Time % Phy DF OF
1 Noah Hanifin Miro Heiskanen 50 1 2 2
2 Chad Ruhwedel Adam Boqvist 50 1 2 2
Last Minutes Offensive
Center Left Wing Right Wing Defense Defense
Aleksander Barkov Clayton Keller Mikko Rantanen Noah Hanifin Miro Heiskanen
Last Minutes Defensive
Center Left Wing Right Wing Defense Defense
Aleksander Barkov Clayton Keller Mikko Rantanen Noah Hanifin Miro Heiskanen
Goaltenders
Starting : Ville Husso
Backup : Joonas Korpisalo
Extra Forwards
Normal : Taylor Raddysh, Anton Lundell, Jesperi Kotkaniemi - PP : Taylor Raddysh, Anton Lundell - PK : Jesperi Kotkaniemi
Extra Defensemen
Normal : Jake Bean, Jacob Bryson, Chad Ruhwedel - PP : Jake Bean - PK : Jacob Bryson, Chad Ruhwedel
Penalty Shots
Aleksander Barkov, Mikko Rantanen, Clayton Keller, Artturi Lehkonen, Casey Mittelstadt
Hartford Whalers
5 vs 5 Forward
Center Left Wing Right Wing Time % Phy DF OF
1 Alexander Wennberg Taylor Hall T.J. Oshie 35 1 2 2
2 Joshua Norris Andre Burakovsky Alexis Lafreniere 30 1 2 2
3 Casey Cizikas Eetu Luostarinen Josh Anderson 25 1 2 2
4 Ryan Strome Mike Hoffman Marcus Foligno 10 1 2 2
5 vs 5 Defense
Defense Defense Time % Phy DF OF
1 Jaccob Slavin Thomas Chabot 38 1 2 2
2 Joel Edmundson Erik Cernak 37 1 3 1
3 Olli Maatta Nikita Zaitsev 25 1 2 2
4 Jaccob Slavin Thomas Chabot 0 1 2 2
PowerPlay Forward
Center Left Wing Right Wing Time % Phy DF OF
1 Alexander Wennberg Taylor Hall T.J. Oshie 50 1 1 3
2 Joshua Norris Andre Burakovsky Alexis Lafreniere 50 2 1 2
PowerPlay Defense
Defense Defense Time % Phy DF OF
1 Thomas Chabot Jaccob Slavin 50 1 1 3
2 Olli Maatta Nikita Zaitsev 50 1 2 2
Penalty Kill 4 Players Forward
Center Wing Time % Phy DF OF
1 Casey Cizikas Eetu Luostarinen 50 1 4 0
2 Alexander Wennberg Josh Anderson 50 1 4 0
Penalty Kill 4 Players Defense
Defense Defense Time % Phy DF OF
1 Joel Edmundson Erik Cernak 50 2 3 0
2 Olli Maatta Nikita Zaitsev 50 1 4 0
Penalty Kill - 3 Players Forward
Forward Time % Phy DF OF
1 Casey Cizikas 50 1 4 0
2 Alexander Wennberg 50 1 4 0
Penalty Kill - 3 Players Defense
Defense Defense Time % Phy DF OF
1 Joel Edmundson Erik Cernak 50 2 3 0
2 Jaccob Slavin Nikita Zaitsev 50 1 4 0
4 vs 4 Forward
Center Wing Time % Phy DF OF
1 Alexander Wennberg Andre Burakovsky 50 1 2 2
2 Casey Cizikas Josh Anderson 50 1 2 2
4 vs 4 Defense
Defense Defense Time % Phy DF OF
1 Thomas Chabot Jaccob Slavin 50 1 2 2
2 Joel Edmundson Erik Cernak 50 2 2 1
Last Minutes Offensive
Center Left Wing Right Wing Defense Defense
Alexander Wennberg Alexis Lafreniere Andre Burakovsky Thomas Chabot Jaccob Slavin
Last Minutes Defensive
Center Left Wing Right Wing Defense Defense
Casey Cizikas Eetu Luostarinen Josh Anderson Joel Edmundson Erik Cernak
Goaltenders
Starting : Semyon Varlamov
Backup : Anton Forsberg
Extra Forwards
Normal : Andre Burakovsky, Joshua Norris, Alexis Lafreniere - PP : Andre Burakovsky, Taylor Hall - PK : Casey Cizikas
Extra Defensemen
Normal : Jaccob Slavin, Joel Edmundson, Nikita Zaitsev - PP : Thomas Chabot - PK : Jaccob Slavin, Erik Cernak
Penalty Shots
Alexander Wennberg, Andre Burakovsky, T.J. Oshie, Taylor Hall, Josh Anderson
% Time on Ice - Vancouver Canucks
Lines # - Real PCT - Wanted PCT - Time Play
Normal Forward
1 - 29% - 30% - 14:06
2 - 28% - 30% - 13:53
3 - 26% - 25% - 12:48
4 - 16% - 15% - 7:59
Normal Defense
1 - 31% - 30% - 15:06
2 - 30% - 30% - 14:42
3 - 26% - 25% - 12:44
4 - 13% - 15% - 6:14
PP Forward
1 - 50% - 50% - 3:04
2 - 50% - 50% - 3:02
PP Defense
1 - 49% - 50% - 3:00
2 - 51% - 50% - 3:06
PK Forward
1 - 55% - 50% - 1:11
2 - 45% - 50% - 0:57
PK Defense
1 - 58% - 50% - 1:14
2 - 42% - 50% - 0:54
PK3 Forward
1 - 0% - 50%
2 - 0% - 50%
PK3 Defense
1 - 0% - 50%
2 - 0% - 50%
44 Forward
1 - 55% - 50% - 1:00
2 - 45% - 50% - 0:50
44 Defense
1 - 55% - 50% - 1:01
2 - 45% - 50% - 0:49
Last Minute Offensive - 0:00
Last Minute Defensive - 1:10
Total
Forward - 60:00
Defense - 60:00
|
% Time on Ice - Hartford Whalers
Lines # - Real PCT - Wanted PCT - Time Play
Normal Forward
1 - 34% - 35% - 16:48
2 - 29% - 30% - 14:03
3 - 23% - 25% - 11:24
4 - 13% - 10% - 6:31
Normal Defense
1 - 38% - 38% - 18:40
2 - 37% - 37% - 18:14
3 - 24% - 25% - 11:52
4 - 0% - 0% - 0:00
PP Forward
1 - 52% - 50% - 1:06
2 - 48% - 50% - 1:02
PP Defense
1 - 63% - 50% - 1:21
2 - 37% - 50% - 0:47
PK Forward
1 - 49% - 50% - 2:59
2 - 51% - 50% - 3:07
PK Defense
1 - 55% - 50% - 3:22
2 - 45% - 50% - 2:44
PK3 Forward
1 - 0% - 50%
2 - 0% - 50%
PK3 Defense
1 - 0% - 50%
2 - 0% - 50%
44 Forward
1 - 39% - 50% - 0:43
2 - 61% - 50% - 1:07
44 Defense
1 - 55% - 50% - 1:00
2 - 45% - 50% - 0:50
Last Minute Offensive - 1:10
Last Minute Defensive - 0:00
Total
Forward - 60:00
Defense - 60:00
|
Play-by-Play
1st period
0:01 of 1st period - Alexander Wennberg wins face-off versus Mikko Rantanen in neutral zone.
0:04 of 1st period - Wrist shot by Taylor Hall.
0:04 of 1st period - Shot Misses the Net.
0:06 of 1st period - Snap shot by Jaccob Slavin.
0:06 of 1st period - Stopped by Ville Husso without a rebound.
0:07 of 1st period - Taylor Hall wins face-off versus Mikko Rantanen in Vancouver Canucks zone.
0:12 of 1st period - Snap shot by T.J. Oshie.
0:12 of 1st period - Deflect By Artturi Lehkonen.
0:12 of 1st period - Shot Blocked by Miro Heiskanen.
0:12 of 1st period - Puck is out of play.
0:13 of 1st period - Joshua Norris wins face-off versus Aleksander Barkov in Vancouver Canucks zone.
0:20 of 1st period - Wrist shot by Joshua Norris.
0:20 of 1st period - Shot Misses the Net.
1:17 of 1st period - Minor Penalty to Marcus Foligno for Holding.
1:18 of 1st period - Casey Cizikas wins face-off versus Aleksander Barkov in Hartford Whalers zone.
1:27 of 1st period - Wrist shot by Clayton Keller.
1:27 of 1st period - Shot Hit the Post.
1:29 of 1st period - Slapshot by Noah Hanifin.
1:29 of 1st period - Shot Misses the Net.
1:31 of 1st period - Slapshot by Aleksander Barkov.
1:31 of 1st period - Stopped by Semyon Varlamov with a rebound.
1:33 of 1st period - Slapshot by Miro Heiskanen.
1:33 of 1st period - Deflect By Mikko Rantanen.
1:33 of 1st period - Shot Misses the Net.
1:33 of 1st period - Puck is out of play.
1:34 of 1st period - Casey Mittelstadt wins face-off versus Casey Cizikas in Hartford Whalers zone.
3:17 of 1st period - Penalty to Marcus Foligno is over, Marcus Foligno is back on ice.
3:49 of 1st period - Jaccob Slavin is hit by Noah Cates and loses puck.
4:14 of 1st period - Alexis Lafreniere is hit by Noah Cates and loses puck.
5:01 of 1st period - Snap shot by Sam Lafferty.
5:01 of 1st period - Shot Blocked by Thomas Chabot.
5:26 of 1st period - Taylor Raddysh is hit by Marcus Foligno and loses puck.
6:10 of 1st period - Minor Penalty to T.J. Oshie for Hooking.
6:11 of 1st period - Casey Cizikas wins face-off versus Artturi Lehkonen in Hartford Whalers zone.
8:10 of 1st period - Penalty to T.J. Oshie is over, T.J. Oshie is back on ice.
8:20 of 1st period - Snap shot by Mike Hoffman.
8:20 of 1st period - Shot Blocked by Taylor Raddysh.
8:22 of 1st period - Snap shot by Mike Hoffman.
8:22 of 1st period - Deflect By Ryan Strome.
8:22 of 1st period - Stopped by Ville Husso with a rebound.
8:36 of 1st period - Snap shot by Joshua Norris.
8:36 of 1st period - Shot Misses the Net.
8:38 of 1st period - Snap shot by Joshua Norris.
8:38 of 1st period - Shot Blocked by Miro Heiskanen.
8:40 of 1st period - Slapshot by Jaccob Slavin.
8:40 of 1st period - Shot Misses the Net.
8:42 of 1st period - Snap shot by Andre Burakovsky.
8:42 of 1st period - Shot Blocked by Noah Cates.
8:44 of 1st period - Wrist shot by Joshua Norris.
8:44 of 1st period - Stopped by Ville Husso with a rebound.
9:24 of 1st period - Snap shot by Eetu Luostarinen.
9:24 of 1st period - Shot Misses the Net.
10:01 of 1st period - Wrist shot by Robby Fabbri.
10:01 of 1st period - Stopped by Semyon Varlamov with a rebound.
10:49 of 1st period - Erik Cernak is hit by Noah Cates and loses puck.
11:16 of 1st period - Icing by Jacob Bryson.
11:17 of 1st period - Jesperi Kotkaniemi wins face-off versus Ryan Strome in Vancouver Canucks zone.
11:24 of 1st period - Snap shot by Taylor Raddysh.
11:24 of 1st period - Deflect By Artturi Lehkonen.
11:24 of 1st period - Goal by Artturi Lehkonen - Vancouver Canucks : 1 - Hartford Whalers : 0.
11:25 of 1st period - Alexander Wennberg wins face-off versus Mikko Rantanen in neutral zone.
11:28 of 1st period - Snap shot by Taylor Hall.
11:28 of 1st period - Shot Blocked by Adam Boqvist.
11:47 of 1st period - Icing by Mikko Rantanen.
11:48 of 1st period - Mikko Rantanen wins face-off versus Casey Cizikas in Vancouver Canucks zone.
12:14 of 1st period - Snap shot by Artturi Lehkonen.
12:14 of 1st period - Stopped by Semyon Varlamov with a rebound.
12:16 of 1st period - Wrist shot by Miro Heiskanen.
12:16 of 1st period - Stopped by Semyon Varlamov with a rebound.
12:18 of 1st period - Slapshot by Noah Hanifin.
12:18 of 1st period - Shot Blocked by Alexander Wennberg.
12:20 of 1st period - Slapshot by Noah Hanifin.
12:20 of 1st period - Shot Misses the Net.
12:36 of 1st period - Joel Edmundson is hit by Jesperi Kotkaniemi and loses puck.
13:54 of 1st period - Alexis Lafreniere is hit by Taylor Raddysh and loses puck.
14:18 of 1st period - Off-side.
14:19 of 1st period - Casey Cizikas wins face-off versus Noah Cates in neutral zone.
14:22 of 1st period - Wrist shot by Josh Anderson.
14:22 of 1st period - Goal by Josh Anderson - Vancouver Canucks : 1 - Hartford Whalers : 1.
14:23 of 1st period - Alexander Wennberg wins face-off versus Aleksander Barkov in neutral zone.
14:31 of 1st period - Minor Penalty to Noah Hanifin for Hooking.
14:32 of 1st period - Alexander Wennberg wins face-off versus Mikko Rantanen in Vancouver Canucks zone.
15:08 of 1st period - Slapshot by Mikko Rantanen.
15:08 of 1st period - Stopped by Semyon Varlamov without a rebound.
15:09 of 1st period - Aleksander Barkov wins face-off versus Joshua Norris in Hartford Whalers zone.
15:39 of 1st period - Alexander Wennberg is hit by Artturi Lehkonen and loses puck.
16:12 of 1st period - Joshua Norris is hit by Aleksander Barkov and loses puck.
16:31 of 1st period - Penalty to Noah Hanifin is over, Noah Hanifin is back on ice.
16:40 of 1st period - Icing by Miro Heiskanen.
16:41 of 1st period - Casey Cizikas wins face-off versus Jesperi Kotkaniemi in Vancouver Canucks zone.
16:54 of 1st period - Eetu Luostarinen is hit by Jesperi Kotkaniemi and loses puck.
17:32 of 1st period - Wrist shot by Josh Anderson.
17:32 of 1st period - Shot Misses the Net.
17:40 of 1st period - Wrist shot by Eetu Luostarinen.
17:40 of 1st period - Goal by Eetu Luostarinen - Vancouver Canucks : 1 - Hartford Whalers : 2.
17:41 of 1st period - Casey Mittelstadt wins face-off versus Alexander Wennberg in neutral zone.
18:13 of 1st period - Wrist shot by Artturi Lehkonen.
18:13 of 1st period - Stopped by Semyon Varlamov without a rebound.
18:14 of 1st period - Alexander Wennberg wins face-off versus Mikko Rantanen in Hartford Whalers zone.
18:19 of 1st period - Snap shot by Alexander Wennberg.
18:19 of 1st period - Stopped by Ville Husso without a rebound.
18:20 of 1st period - Mikko Rantanen wins face-off versus Alexander Wennberg in Vancouver Canucks zone.
18:20 of 1st period - Mikko Rantanen is hit by Alexander Wennberg.
18:27 of 1st period - Off-side.
18:28 of 1st period - Aleksander Barkov wins face-off versus Alexander Wennberg in neutral zone.
18:39 of 1st period - Casey Mittelstadt is hit by Taylor Hall and loses puck.
19:06 of 1st period - Thomas Chabot is hit by Artturi Lehkonen and loses puck.
Goals for this period are 1 for Vancouver Canucks vs 2 for Hartford Whalers.
Shots for this period are 7 for Vancouver Canucks vs 6 for Hartford Whalers.
2nd period
0:01 of 2nd period - Aleksander Barkov wins face-off versus Alexander Wennberg in neutral zone.
0:10 of 2nd period - Wrist shot by Casey Mittelstadt.
0:10 of 2nd period - Deflect By Aleksander Barkov.
0:10 of 2nd period - Stopped by Semyon Varlamov without a rebound.
0:11 of 2nd period - Aleksander Barkov wins face-off versus Alexander Wennberg in Hartford Whalers zone.
0:20 of 2nd period - Miro Heiskanen is hit by Joel Edmundson and loses puck.
0:38 of 2nd period - Icing by Clayton Keller.
0:39 of 2nd period - Joshua Norris wins face-off versus Mikko Rantanen in Vancouver Canucks zone.
0:42 of 2nd period - Wrist shot by Alexis Lafreniere.
0:42 of 2nd period - Shot Misses the Net.
0:50 of 2nd period - Wrist shot by Mikko Rantanen.
0:50 of 2nd period - Shot Blocked by Nikita Zaitsev.
1:26 of 2nd period - Snap shot by Clayton Keller.
1:26 of 2nd period - Shot Blocked by Alexis Lafreniere.
1:48 of 2nd period - Wrist shot by Mikko Rantanen.
1:48 of 2nd period - Shot Misses the Net.
1:56 of 2nd period - Snap shot by Andre Burakovsky.
1:56 of 2nd period - Shot Misses the Net.
1:58 of 2nd period - Slapshot by Nikita Zaitsev.
1:58 of 2nd period - Stopped by Ville Husso with a rebound.
2:00 of 2nd period - Slapshot by Olli Maatta.
2:00 of 2nd period - Stopped by Ville Husso with a rebound.
2:02 of 2nd period - Snap shot by Alexis Lafreniere.
2:02 of 2nd period - Shot Misses the Net.
2:04 of 2nd period - Snap shot by Andre Burakovsky.
2:04 of 2nd period - Shot Misses the Net.
2:06 of 2nd period - Snap shot by Andre Burakovsky.
2:06 of 2nd period - Shot Blocked by Miro Heiskanen.
2:08 of 2nd period - Snap shot by Joshua Norris.
2:08 of 2nd period - Stopped by Ville Husso without a rebound.
2:09 of 2nd period - Aleksander Barkov wins face-off versus Alexander Wennberg in Vancouver Canucks zone.
2:22 of 2nd period - Slapshot by T.J. Oshie.
2:22 of 2nd period - Shot Blocked by Aleksander Barkov.
2:43 of 2nd period - Wrist shot by Eetu Luostarinen.
2:43 of 2nd period - Stopped by Ville Husso without a rebound.
2:44 of 2nd period - Aleksander Barkov wins face-off versus Alexander Wennberg in Vancouver Canucks zone.
3:21 of 2nd period - Slapshot by Josh Anderson.
3:21 of 2nd period - Stopped by Ville Husso with a rebound.
3:23 of 2nd period - Slapshot by Erik Cernak.
3:23 of 2nd period - Shot Blocked by Adam Boqvist.
3:50 of 2nd period - Icing by Mike Hoffman.
3:51 of 2nd period - Aleksander Barkov wins face-off versus Taylor Hall in Hartford Whalers zone.
4:16 of 2nd period - Slapshot by Alexander Wennberg.
4:16 of 2nd period - Stopped by Ville Husso with a rebound.
4:18 of 2nd period - Wrist shot by Joshua Norris.
4:18 of 2nd period - Stopped by Ville Husso without a rebound.
4:19 of 2nd period - Mikko Rantanen wins face-off versus Joshua Norris in Vancouver Canucks zone.
4:19 of 2nd period - Mikko Rantanen is hit by Alexis Lafreniere.
4:46 of 2nd period - Alexander Wennberg is hit by Aleksander Barkov.
4:54 of 2nd period - Slapshot by Casey Mittelstadt.
4:54 of 2nd period - Stopped by Semyon Varlamov without a rebound.
4:55 of 2nd period - Casey Cizikas wins face-off versus Mikko Rantanen in Hartford Whalers zone.
5:02 of 2nd period - Slapshot by Artturi Lehkonen.
5:02 of 2nd period - Shot Blocked by Jaccob Slavin.
5:32 of 2nd period - Aleksander Barkov is hit by Alexander Wennberg and loses puck.
5:49 of 2nd period - Wrist shot by Jesperi Kotkaniemi.
5:49 of 2nd period - Shot Misses the Net.
5:51 of 2nd period - Slapshot by Chad Ruhwedel.
5:51 of 2nd period - Deflect By Taylor Raddysh.
5:51 of 2nd period - Stopped by Semyon Varlamov with a rebound.
5:53 of 2nd period - Wrist shot by Taylor Raddysh.
5:53 of 2nd period - Shot Hit the Post.
6:23 of 2nd period - Josh Anderson is hit by Noah Hanifin and loses puck.
6:35 of 2nd period - Icing by Olli Maatta.
6:36 of 2nd period - Casey Cizikas wins face-off versus Aleksander Barkov in Hartford Whalers zone.
6:41 of 2nd period - Wrist shot by Casey Cizikas.
6:41 of 2nd period - Shot Misses the Net.
7:04 of 2nd period - Wrist shot by Josh Anderson.
7:04 of 2nd period - Stopped by Ville Husso with a rebound.
7:24 of 2nd period - Wrist shot by Aleksander Barkov.
7:24 of 2nd period - Stopped by Semyon Varlamov without a rebound.
7:25 of 2nd period - Mikko Rantanen wins face-off versus Alexander Wennberg in Hartford Whalers zone.
9:58 of 2nd period - Snap shot by Taylor Raddysh.
9:58 of 2nd period - Shot Misses the Net.
10:56 of 2nd period - Kasperi Kapanen is hit by Eetu Luostarinen and loses puck.
11:11 of 2nd period - Jaccob Slavin is hit by Adam Boqvist and loses puck.
11:43 of 2nd period - Noah Hanifin is hit by Taylor Hall and loses puck.
11:56 of 2nd period - Wrist shot by Taylor Hall.
11:56 of 2nd period - Shot Misses the Net.
11:58 of 2nd period - Snap shot by T.J. Oshie.
11:58 of 2nd period - Stopped by Ville Husso with a rebound.
12:00 of 2nd period - Snap shot by Alexander Wennberg.
12:00 of 2nd period - Goal by Alexander Wennberg - Vancouver Canucks : 1 - Hartford Whalers : 3.
12:01 of 2nd period - Aleksander Barkov wins face-off versus Joshua Norris in neutral zone.
12:01 of 2nd period - Aleksander Barkov is hit by Thomas Chabot.
13:27 of 2nd period - Wrist shot by Josh Anderson.
13:27 of 2nd period - Shot Misses the Net.
13:45 of 2nd period - Snap shot by Taylor Raddysh.
13:45 of 2nd period - Stopped by Semyon Varlamov without a rebound.
13:46 of 2nd period - Alexander Wennberg wins face-off versus Kasperi Kapanen in Hartford Whalers zone.
14:11 of 2nd period - Andre Burakovsky is hit by Miro Heiskanen and loses puck.
14:20 of 2nd period - Snap shot by Artturi Lehkonen.
14:20 of 2nd period - Stopped by Semyon Varlamov without a rebound.
14:21 of 2nd period - Alexander Wennberg wins face-off versus Casey Mittelstadt in Hartford Whalers zone.
14:51 of 2nd period - Wrist shot by Andre Burakovsky.
14:51 of 2nd period - Stopped by Ville Husso with a rebound.
15:07 of 2nd period - Wrist shot by Mike Hoffman.
15:07 of 2nd period - Stopped by Ville Husso with a rebound.
15:22 of 2nd period - Nikita Zaitsev is hit by Miro Heiskanen and loses puck.
15:50 of 2nd period - Snap shot by Ryan Strome.
15:50 of 2nd period - Stopped by Ville Husso without a rebound.
15:51 of 2nd period - Aleksander Barkov wins face-off versus Alexander Wennberg in Vancouver Canucks zone.
16:47 of 2nd period - Snap shot by Robby Fabbri.
16:47 of 2nd period - Shot Blocked by Josh Anderson.
17:23 of 2nd period - Snap shot by Taylor Raddysh.
17:23 of 2nd period - Stopped by Semyon Varlamov without a rebound.
17:24 of 2nd period - Joshua Norris wins face-off versus Jesperi Kotkaniemi in Hartford Whalers zone.
18:02 of 2nd period - Snap shot by Clayton Keller.
18:02 of 2nd period - Stopped by Semyon Varlamov with a rebound.
18:49 of 2nd period - Icing by Anton Lundell.
18:50 of 2nd period - Jesperi Kotkaniemi wins face-off versus Alexander Wennberg in Vancouver Canucks zone.
18:50 of 2nd period - Jesperi Kotkaniemi is hit by Thomas Chabot.
18:53 of 2nd period - Icing by Miro Heiskanen.
18:54 of 2nd period - Alexander Wennberg wins face-off versus Jesperi Kotkaniemi in Vancouver Canucks zone.
19:21 of 2nd period - Slapshot by Artturi Lehkonen.
19:21 of 2nd period - Stopped by Semyon Varlamov without a rebound.
19:22 of 2nd period - Joshua Norris wins face-off versus Mikko Rantanen in Hartford Whalers zone.
19:39 of 2nd period - Slapshot by Mikko Rantanen.
19:39 of 2nd period - Goal by Mikko Rantanen - Vancouver Canucks : 2 - Hartford Whalers : 3.
19:40 of 2nd period - Alexander Wennberg wins face-off versus Aleksander Barkov in neutral zone.
19:55 of 2nd period - Snap shot by Aleksander Barkov.
19:55 of 2nd period - Deflect By Casey Mittelstadt.
19:55 of 2nd period - Shot Misses the Net.
19:55 of 2nd period - Puck is out of play.
19:56 of 2nd period - Mikko Rantanen wins face-off versus Joshua Norris in Hartford Whalers zone.
Goals for this period are 1 for Vancouver Canucks vs 1 for Hartford Whalers.
Shots for this period are 10 for Vancouver Canucks vs 13 for Hartford Whalers.
3rd period
0:01 of 3rd period - Aleksander Barkov wins face-off versus Alexander Wennberg in neutral zone.
0:06 of 3rd period - Snap shot by Aleksander Barkov.
0:06 of 3rd period - Stopped by Semyon Varlamov without a rebound.
0:07 of 3rd period - Aleksander Barkov wins face-off versus Alexander Wennberg in Hartford Whalers zone.
0:08 of 3rd period - Backhand shot by Casey Mittelstadt.
0:08 of 3rd period - Deflect By Aleksander Barkov.
0:08 of 3rd period - Shot Misses the Net.
0:08 of 3rd period - Puck is out of play.
0:09 of 3rd period - Aleksander Barkov wins face-off versus Alexander Wennberg in Hartford Whalers zone.
0:26 of 3rd period - Slapshot by T.J. Oshie.
0:26 of 3rd period - Shot Misses the Net.
0:28 of 3rd period - Slapshot by Alexander Wennberg.
0:28 of 3rd period - Goal by Alexander Wennberg - Vancouver Canucks : 2 - Hartford Whalers : 4.
0:29 of 3rd period - Mikko Rantanen wins face-off versus Joshua Norris in neutral zone.
1:00 of 3rd period - Off-side.
1:01 of 3rd period - Jesperi Kotkaniemi wins face-off versus Joshua Norris in neutral zone.
1:15 of 3rd period - Snap shot by Alexis Lafreniere.
1:15 of 3rd period - Stopped by Ville Husso without a rebound.
1:16 of 3rd period - Mikko Rantanen wins face-off versus Alexander Wennberg in Vancouver Canucks zone.
1:16 of 3rd period - Mikko Rantanen is hit by Taylor Hall.
1:43 of 3rd period - Noah Hanifin is hit by Erik Cernak and loses puck.
1:52 of 3rd period - Snap shot by Andre Burakovsky.
1:52 of 3rd period - Shot Blocked by Noah Hanifin.
2:04 of 3rd period - Wrist shot by Robby Fabbri.
2:04 of 3rd period - Stopped by Semyon Varlamov without a rebound.
2:05 of 3rd period - Casey Cizikas wins face-off versus Noah Cates in Hartford Whalers zone.
2:26 of 3rd period - Minor Penalty to Josh Anderson for Roughing.
2:27 of 3rd period - Alexander Wennberg wins face-off versus Aleksander Barkov in Hartford Whalers zone.
2:27 of 3rd period - Alexander Wennberg is hit by Mikko Rantanen.
2:35 of 3rd period - Minor Penalty to Mikko Rantanen for Holding.
2:36 of 3rd period - Aleksander Barkov wins face-off versus Alexander Wennberg in Vancouver Canucks zone.
2:45 of 3rd period - Snap shot by Andre Burakovsky.
2:45 of 3rd period - Deflect By Alexander Wennberg.
2:45 of 3rd period - Stopped by Ville Husso with a rebound.
2:53 of 3rd period - Wrist shot by Andre Burakovsky.
2:53 of 3rd period - Stopped by Ville Husso without a rebound.
2:54 of 3rd period - Casey Cizikas wins face-off versus Clayton Keller in Vancouver Canucks zone.
2:57 of 3rd period - Snap shot by Andre Burakovsky.
2:57 of 3rd period - Shot Blocked by Chad Ruhwedel.
3:09 of 3rd period - Wrist shot by Artturi Lehkonen.
3:09 of 3rd period - Shot Blocked by Andre Burakovsky.
3:11 of 3rd period - Wrist shot by Clayton Keller.
3:11 of 3rd period - Deflect By Artturi Lehkonen.
3:11 of 3rd period - Shot Misses the Net.
3:11 of 3rd period - Puck is out of play.
3:12 of 3rd period - Casey Cizikas wins face-off versus Taylor Raddysh in Hartford Whalers zone.
3:19 of 3rd period - Noah Hanifin is hit by Jaccob Slavin.
4:26 of 3rd period - Penalty to Josh Anderson is over, Josh Anderson is back on ice.
4:35 of 3rd period - Penalty to Mikko Rantanen is over, Mikko Rantanen is back on ice.
4:37 of 3rd period - Snap shot by T.J. Oshie.
4:37 of 3rd period - Shot Misses the Net.
4:45 of 3rd period - Thomas Chabot is hit by Noah Hanifin and loses puck.
4:52 of 3rd period - Snap shot by Aleksander Barkov.
4:52 of 3rd period - Stopped by Semyon Varlamov with a rebound.
4:54 of 3rd period - Snap shot by Aleksander Barkov.
4:54 of 3rd period - Shot Misses the Net.
5:04 of 3rd period - Snap shot by Aleksander Barkov.
5:04 of 3rd period - Shot Blocked by Thomas Chabot.
5:06 of 3rd period - Slapshot by Noah Hanifin.
5:06 of 3rd period - Goal by Noah Hanifin - Vancouver Canucks : 3 - Hartford Whalers : 4.
5:07 of 3rd period - Joshua Norris wins face-off versus Mikko Rantanen in neutral zone.
5:10 of 3rd period - Snap shot by Andre Burakovsky.
5:10 of 3rd period - Shot Misses the Net.
5:33 of 3rd period - Taylor Raddysh is hit by Josh Anderson and loses puck.
6:17 of 3rd period - Marcus Foligno is hit by Clayton Keller and loses puck.
6:22 of 3rd period - Wrist shot by Mikko Rantanen.
6:22 of 3rd period - Shot Misses the Net.
6:24 of 3rd period - Slapshot by Clayton Keller.
6:24 of 3rd period - Goal by Clayton Keller - Vancouver Canucks : 4 - Hartford Whalers : 4.
6:25 of 3rd period - Joshua Norris wins face-off versus Aleksander Barkov in neutral zone.
7:13 of 3rd period - Snap shot by Josh Anderson.
7:13 of 3rd period - Shot Blocked by Chad Ruhwedel.
7:19 of 3rd period - Snap shot by Josh Anderson.
7:19 of 3rd period - Stopped by Ville Husso without a rebound.
7:20 of 3rd period - Joshua Norris wins face-off versus Aleksander Barkov in Vancouver Canucks zone.
7:27 of 3rd period - Wrist shot by Joshua Norris.
7:27 of 3rd period - Deflect By Miro Heiskanen.
7:27 of 3rd period - Stopped by Ville Husso without a rebound.
7:28 of 3rd period - Joshua Norris wins face-off versus Aleksander Barkov in Vancouver Canucks zone.
7:33 of 3rd period - Slapshot by Joshua Norris.
7:33 of 3rd period - Shot Misses the Net.
8:59 of 3rd period - Snap shot by Aleksander Barkov.
8:59 of 3rd period - Stopped by Semyon Varlamov without a rebound.
9:00 of 3rd period - Alexander Wennberg wins face-off versus Mikko Rantanen in Hartford Whalers zone.
9:06 of 3rd period - Off-side.
9:07 of 3rd period - Mikko Rantanen wins face-off versus Alexander Wennberg in neutral zone.
9:32 of 3rd period - Artturi Lehkonen is hit by Marcus Foligno and loses puck.
9:37 of 3rd period - Snap shot by Ryan Strome.
9:37 of 3rd period - Shot Misses the Net.
9:39 of 3rd period - Backhand shot by Marcus Foligno.
9:39 of 3rd period - Stopped by Ville Husso with a rebound.
9:41 of 3rd period - Wrist shot by Mike Hoffman.
9:41 of 3rd period - Shot Blocked by Jacob Bryson.
9:43 of 3rd period - Snap shot by Marcus Foligno.
9:43 of 3rd period - Stopped by Ville Husso with a rebound.
9:45 of 3rd period - Slapshot by Jaccob Slavin.
9:45 of 3rd period - Shot Misses the Net.
10:28 of 3rd period - Wrist shot by T.J. Oshie.
10:28 of 3rd period - Deflect By Alexander Wennberg.
10:28 of 3rd period - Shot Misses the Net.
10:28 of 3rd period - Puck is out of play.
10:29 of 3rd period - Noah Cates wins face-off versus Alexander Wennberg in Vancouver Canucks zone.
10:43 of 3rd period - Wrist shot by Noah Cates.
10:43 of 3rd period - Stopped by Semyon Varlamov without a rebound.
10:44 of 3rd period - Casey Cizikas wins face-off versus Aleksander Barkov in Hartford Whalers zone.
11:11 of 3rd period - Noah Hanifin is hit by Andre Burakovsky and loses puck.
11:34 of 3rd period - Snap shot by Alexis Lafreniere.
11:34 of 3rd period - Shot Blocked by Anton Lundell.
11:36 of 3rd period - Wrist shot by Taylor Hall.
11:36 of 3rd period - Stopped by Ville Husso without a rebound.
11:37 of 3rd period - Jesperi Kotkaniemi wins face-off versus Alexander Wennberg in Vancouver Canucks zone.
12:10 of 3rd period - Wrist shot by Kasperi Kapanen.
12:10 of 3rd period - Stopped by Semyon Varlamov with a rebound.
12:12 of 3rd period - Slapshot by Jake Bean.
12:12 of 3rd period - Stopped by Semyon Varlamov without a rebound.
12:13 of 3rd period - Mikko Rantanen wins face-off versus Alexander Wennberg in Hartford Whalers zone.
12:28 of 3rd period - Snap shot by Mikko Rantanen.
12:28 of 3rd period - Goal by Mikko Rantanen - Vancouver Canucks : 5 - Hartford Whalers : 4.
12:29 of 3rd period - Aleksander Barkov wins face-off versus Alexander Wennberg in neutral zone.
12:41 of 3rd period - Minor Penalty to Joel Edmundson for Goalie Interference.
12:42 of 3rd period - Casey Cizikas wins face-off versus Casey Mittelstadt in Hartford Whalers zone.
12:44 of 3rd period - Snap shot by Casey Mittelstadt.
12:44 of 3rd period - Shot Misses the Net.
12:50 of 3rd period - Snap shot by Artturi Lehkonen.
12:50 of 3rd period - Stopped by Semyon Varlamov with a rebound.
12:52 of 3rd period - Snap shot by Casey Mittelstadt.
12:52 of 3rd period - Stopped by Semyon Varlamov with a rebound.
12:54 of 3rd period - Snap shot by Kasperi Kapanen.
12:54 of 3rd period - Shot Blocked by Casey Cizikas.
12:56 of 3rd period - Slapshot by Noah Hanifin.
12:56 of 3rd period - Stopped by Semyon Varlamov with a rebound.
12:58 of 3rd period - Wrist shot by Kasperi Kapanen.
12:58 of 3rd period - Shot Misses the Net.
13:16 of 3rd period - Snap shot by Mikko Rantanen.
13:16 of 3rd period - Stopped by Semyon Varlamov with a rebound.
13:18 of 3rd period - Slapshot by Miro Heiskanen.
13:18 of 3rd period - Stopped by Semyon Varlamov with a rebound.
14:41 of 3rd period - Penalty to Joel Edmundson is over, Joel Edmundson is back on ice.
14:57 of 3rd period - Jesperi Kotkaniemi is hit by Andre Burakovsky and loses puck.
15:16 of 3rd period - Joel Edmundson is hit by Noah Cates and loses puck.
15:23 of 3rd period - Wrist shot by Noah Cates.
15:23 of 3rd period - Shot Blocked by Thomas Chabot.
15:25 of 3rd period - Slapshot by Noah Hanifin.
15:25 of 3rd period - Stopped by Semyon Varlamov without a rebound.
15:26 of 3rd period - Noah Cates wins face-off versus Ryan Strome in Hartford Whalers zone.
15:27 of 3rd period - Wrist shot by Robby Fabbri.
15:27 of 3rd period - Shot Misses the Net.
16:01 of 3rd period - Wrist shot by Jesperi Kotkaniemi.
16:01 of 3rd period - Stopped by Semyon Varlamov without a rebound.
16:02 of 3rd period - Casey Cizikas wins face-off versus Mikko Rantanen in Hartford Whalers zone.
17:37 of 3rd period - Eetu Luostarinen is hit by Clayton Keller and loses puck.
18:21 of 3rd period - Wrist shot by Aleksander Barkov.
18:21 of 3rd period - Shot Misses the Net.
18:23 of 3rd period - Snap shot by Kasperi Kapanen.
18:23 of 3rd period - Shot Misses the Net.
18:25 of 3rd period - Snap shot by Aleksander Barkov.
18:25 of 3rd period - Stopped by Semyon Varlamov with a rebound.
18:41 of 3rd period - Hartford Whalers, Semyon Varlamov is pulled from the net.
18:45 of 3rd period - Slapshot by Andre Burakovsky.
18:45 of 3rd period - Stopped by Ville Husso with a rebound.
18:47 of 3rd period - Slapshot by Jaccob Slavin.
18:47 of 3rd period - Stopped by Ville Husso with a rebound.
18:49 of 3rd period - Snap shot by Andre Burakovsky.
18:49 of 3rd period - Deflect By Joshua Norris.
18:49 of 3rd period - Shot Misses the Net.
18:49 of 3rd period - Puck is out of play.
18:50 of 3rd period - Paul Maurice call a timeout for Hartford Whalers.
18:50 of 3rd period - Alexander Wennberg wins face-off versus Aleksander Barkov in Vancouver Canucks zone.
19:03 of 3rd period - Wrist shot by Andre Burakovsky.
19:03 of 3rd period - Shot Misses the Net.
19:13 of 3rd period - Wrist shot by Andre Burakovsky.
19:13 of 3rd period - Shot Blocked by Aleksander Barkov.
19:19 of 3rd period - Snap shot by Andre Burakovsky.
19:19 of 3rd period - Shot Misses the Net.
19:21 of 3rd period - Wrist shot by Alexis Lafreniere.
19:21 of 3rd period - Shot Misses the Net.
19:23 of 3rd period - Snap shot by Andre Burakovsky.
19:23 of 3rd period - Shot Misses the Net.
19:31 of 3rd period - Wrist shot by Alexander Wennberg.
19:31 of 3rd period - Stopped by Ville Husso with a rebound.
19:33 of 3rd period - Snap shot by Alexis Lafreniere.
19:33 of 3rd period - Shot Misses the Net.
19:35 of 3rd period - Wrist shot by Thomas Chabot.
19:35 of 3rd period - Shot Misses the Net.
19:37 of 3rd period - Snap shot by Alexis Lafreniere.
19:37 of 3rd period - Shot Misses the Net.
Goals for this period are 3 for Vancouver Canucks vs 1 for Hartford Whalers.
Shots for this period are 18 for Vancouver Canucks vs 12 for Hartford Whalers.
Back to the Top